 Dungeon Crawl Stone Soup version 0.29-a0-369-gd956c00756 (webtiles) character file.

Game seed: 6136795105647401331

95 Antichthon the Covered (level 4, 0/29 HPs)
             Began as a Gargoyle Fighter on May 2, 2022.
             Slain by Sigmund
             ... wielding a +0 scythe
              (10 damage)
             ... on level 3 of the Dungeon.
             The game lasted 00:03:33 (2642 turns).

Antichthon the Covered (Gargoyle Fighter)           Turns: 2642, Time: 00:03:33

Health: 0/29       AC: 14    Str: 19    XL:     4   Next: 65%
Magic:  4/4        EV:  7    Int: 11    God:
Gold:   104        SH:  4    Dex:  9    Spells: 3/3 levels left

rFire   . . .      SeeInvis .   a - +0 flail
rCold   . . .      Faith    .   c - +0 buckler
rNeg    + . .      Spirit   .   l - +0 chain mail
rPois   ∞          Reflect  .   g - +0 helmet
rElec   +          Harm     .   (no cloak)
rCorr   .          Rampage  .   (no gloves)
Will    +....                   (no boots)
Stlth   ..........              (no amulet)
HPRegen 0.09/turn               j - ring of willpower
MPRegen 0.09/turn               (no ring)

@: no status effects
A: sickness immunity, AC +3, negative energy resistance 1, electricity
resistance, torment resistance 1, petrification resistance
a: no special abilities


You were on level 3 of the Dungeon.
You visited 1 branch of the dungeon, and saw 3 of its levels.

You collected 104 gold pieces.

Inventory:

Hand Weapons
 a - a +0 flail (weapon)
Armour
 c - a +0 buckler (worn)
 g - a +0 helmet (worn)
 l - a +0 chain mail (worn)
Jewellery
 j - a ring of willpower (left hand)
Scrolls
 h - a scroll of immolation
Potions
 d - 2 potions of might
 e - a potion of ambrosia
 f - a potion of cancellation {unknown}
 i - a potion of heal wounds {unknown}
 k - 2 potions of flight


   Skills:
 * Level 3.7 Fighting
 * Level 3.2 Maces & Flails
 * Level 3.8 Armour
 * Level 0.8 Dodging
 * Level 3.6 Shields
 * Level 1.0 Invocations


You had 3 spell levels left.
You didn't know any spells.
Your spell library was empty.

Dungeon Overview and Level Annotations

Branches:
Dungeon (3/15)

Altars:

Annotations:
D:3 Sigmund


Innate Abilities, Weirdness & Mutations

You are immune to sickness and miasma.
Your stone body is resilient. (AC +3)
You are immune to poison.
You resist negative energy. (rN+)
You are resistant to electric shocks. (rElec)
You are resistant to unholy torment.
You are immune to petrification.


Message History

Sigmund barely misses you.
You hit Sigmund but do no damage.
Sigmund is heavily wounded.
Sigmund hits you but does no damage.
You hit Sigmund.
Sigmund is heavily wounded.
Sigmund gestures at you while chanting. The puff of flame misses you.
You closely miss Sigmund.
Sigmund is heavily wounded.
Sigmund hits you but does no damage.
You hit Sigmund.
Sigmund is severely wounded.
Sigmund closely misses you.
You closely miss Sigmund.
Sigmund is severely wounded.
Sigmund hits you with a +0 scythe.
You closely miss Sigmund.
Sigmund is severely wounded.
The worm bites you but does no damage.
You barely miss Sigmund.
Sigmund is severely wounded.
Sigmund casts a spell at you. The magic dart hits you.
The worm closely misses you. Sigmund hits you with a +0 scythe!
You closely miss Sigmund.
Sigmund is severely wounded.
You closely miss Sigmund.
Sigmund is severely wounded.
Sigmund hits you but does no damage. You block the worm's attack.
Unknown command.
You barely miss Sigmund.
Sigmund is severely wounded.
Sigmund barely misses you. The worm closely misses you.
Unknown command.
You barely miss Sigmund.
Sigmund is severely wounded.
Sigmund says, "Don't worry, I'll kill you fast."
Sigmund hits you with a +0 scythe!
You die...

#######
##.....########.
##....)..#...[...
###### #...†<....#
#..... #.⌠.@...⌠.#
#.....##..w@.....#
#.....#....⌠.⌠.....#
#.....#............#
#........⌠.....⌠...#
#...........>......#
#.......#.......####
#.......##.....##
#........#######


You could see Sigmund and a worm.

Vanquished Creatures
  3 adders (D:2)
  2 dart slugs
  5 orcs (D:2)
  4 bats
  3 endoplasms
  2 giant cockroaches
  4 goblins
  7 hobgoblins
  4 jackals
  6 kobolds
  A quokka (D:1)
  4 ball pythons
  4 frilled lizards
  8 rats
57 creatures vanquished.

Notes
Turn   | Place    | Note
-------+----------+-------------------------------------------
     0 | D:1      | Antichthon the Gargoyle Fighter began the quest for the
                  | Orb.
     0 | D:1      | Reached XP level 1. HP: 14/14 MP: 1/1
     2 | D:1      | You fall into a shaft and drop 1 floor!
   477 | D:1      | Reached XP level 2. HP: 15/19 MP: 2/2
   839 | D:1      | Reached XP level 3. HP: 23/23 MP: 3/3
  1721 | D:2      | Identified the +12 dagger of Sulphur {pain, Will+++}
  1799 | D:2      | Reached XP level 4. HP: 26/29 MP: 4/4
  2023 | D:2      | Found a faded altar of an unknown god.
  2497 | D:2      | Reached skill level 1 in Invocations
  2586 | D:3      | Noticed Sigmund
  2642 | D:3      | Slain by Sigmund

Illustrated notes

Levels and vault maps discovered:
D:1:      ebering_hopf_link, layout_basic
D:2:      layout_loops_cross, nicolae_ecumenical_lake_church
D:3:      cheibrodos_helix_gallery, layout_basic, grunt_ministairs_10,
          solitary_fountain, minmay_misc_feat_tower, uniq_sigmund, uniq_grinder,
          uniq_natasha

Skill      XL: |  1  2  3  4 |
---------------+-------------+-----
Maces & Flails | 3 |  3.2
Invocations    | 1 |  1.0
Fighting       | |  3.7
Armour         | |  3.8
Dodging        | |  0.8
Shields        | |  3.6

Action                   |  1- 3 |  4- 6 || total
-------------------------+-------+-------++-------
Melee: Flail             |   140 |    87 ||   227
  Use: Scroll            |     2 |     4 ||     6
Armor: Scale mail        |    81 |     5 ||    86
       Chain mail        |       |    64 ||    64
Dodge: Dodged            |    93 |    65 ||   158
Block: Buckler           |    31 |    28 ||    59

Table legend: (Time is in decaauts)
 A = Elapsed time spent in this place.
 B = Non-inter-level travel time spent in this place.
 C = Inter-level travel time spent in this place.
 D = Time resting spent in this place.
 E = Time spent auto-exploring this place.
 F = Levels seen in this place.
 G = Mean time per level.
                   A        B        C        D        E       F      G
               +--------+--------+--------+--------+--------+-----+--------+
         Total |   2718 |   2655 |     63 |      3 |   2001 |   3 |  906.0 |
       Dungeon |   2718 |   2655 |     63 |      3 |   2001 |   3 |  906.0 |
               +--------+--------+--------+--------+--------+-----+--------+

Top non-repeatable levels by time:
     D:2: 1357 daAuts
     D:1: 1246 daAuts
     D:3: 114 daAuts
